[ AOE2 MATCH · #479724294 ]
Team RMKhitans vs Georgians
[ REPLAY ANALYSIS · EXTRACTED FROM THE RECORDED GAME ]
Feudal
12:35
Castle
—
Imperial
—
| APM avg | 19.2 |
| APM peak | 37 |
| eAPM avg | 13.0 |
| Villagers / military | 27 / 10 |
Focus
⚔️ 35.0% · 🌾 65.0%
Scout Cavalry ×10
Feudal
12:16
Castle
—
Imperial
—
| APM avg | 26.6 |
| APM peak | 59 |
| eAPM avg | 12.9 |
| Villagers / military | 37 / 11 |
Focus
⚔️ 31.9% · 🌾 68.1%
Scout Cavalry ×6 · Spearman ×5
Feudal
13:34
Castle
—
Imperial
—
| APM avg | 42.7 |
| APM peak | 76 |
| eAPM avg | 22.1 |
| Villagers / military | 65 / 11 |
Focus
⚔️ 39.0% · 🌾 61.0%
Spearman ×6 · Scout Cavalry ×5
Feudal
15:00
Castle
—
Imperial
—
| APM avg | 18.2 |
| APM peak | 43 |
| eAPM avg | 8.8 |
| Villagers / military | 29 / 8 |
Focus
⚔️ 26.4% · 🌾 73.6%
Spearman ×8
Feudal
13:18
Castle
16:41
Imperial
—
| APM avg | 37.1 |
| APM peak | 52 |
| eAPM avg | 19.2 |
| Villagers / military | 36 / 3 |
Focus
⚔️ 27.1% · 🌾 72.9%
Knight ×2 · Scout Cavalry ×1
Feudal
13:57
Castle
—
Imperial
—
| APM avg | 29.9 |
| APM peak | 59 |
| eAPM avg | 17.4 |
| Villagers / military | 36 / 0 |
Focus
⚔️ 29.7% · 🌾 70.3%
Feudal
12:22
Castle
18:08
Imperial
—
| APM avg | 40.3 |
| APM peak | 86 |
| eAPM avg | 20.2 |
| Villagers / military | 40 / 0 |
Focus
⚔️ 16.9% · 🌾 83.1%
Feudal
12:59
Castle
16:40
Imperial
—
| APM avg | 33.9 |
| APM peak | 69 |
| eAPM avg | 20.4 |
| Villagers / military | 43 / 2 |
Focus
⚔️ 27.1% · 🌾 72.9%
Bolas Rider ×2
Match map
Initial resources + every placement click. Lines = walls · curves = elevation contours. ◆ gold · ⬟ stone · ● berries · ✦ relic · ◌ wall gap
Your base· Open — unwalled flank
HR Fast_PIG's base· Open — unwalled flank
[RAT] Havik_AoE's base· Open — unwalled flank
Mumulover's base· Open — unwalled flank
[LW] Faneth's base· Open — unwalled flank
epic Llama's base· Open — unwalled flank
HR Since6699's base· Open — unwalled flank
Anne Flank's base· Open — unwalled flank
Smoothed initial terrain · ◌ = detected wall gap · hover for details
Inputs per minute
— Cedax - - HR Fast_PIG
Build order — Cedax
67 actions detected in the replay
| 1:08 | Build | Town Center |
| 1:17 | Build | House |
| 3:10 | Create | Villager (Male) |
| 3:10 | Create | Villager (Male) |
| 3:37 | Create | Villager (Male) |
| 3:40 | Create | Villager (Male) |
| 4:06 | Build | House |
| 4:29 | Create | Villager (Male) |
| 5:03 | Research | Loom |
| 5:18 | Create | Villager (Male) |
| 5:28 | Build | House |
| 5:47 | Create | Villager (Male) |
| 5:54 | Create | Villager (Male) |
| 6:23 | Create | Villager (Male) |
| 6:46 | Build | House |
| 7:02 | Create | Villager (Male) |
| 7:17 | Create | Villager (Male) |
| 7:51 | Create | Villager (Male) |
| 8:12 | Build | Lumber Camp |
| 8:29 | Create | Villager (Male) |
| 8:56 | Create | Villager (Male) |
| 9:04 | Build | Mill |
| 9:06 | Create | Villager (Male) |
| 9:25 | Create | Villager (Male) |
| 9:34 | Create | Villager (Male) |
| 9:52 | Create | Villager (Male) |
| 10:25 | Research | Feudal Age |
| 10:25 | Research | Feudal Age |
| 10:27 | Build | House |
| 10:36 | Build | Palisade Wall |
| 10:40 | Build | Palisade Wall |
| 10:44 | Build | Palisade Wall |
| 10:51 | Build | House |
| 11:02 | Create | Villager (Male) |
| 11:31 | Build | Barracks |
| 11:55 | Build | House |
| 12:23 | Create | Villager (Male) |
| 12:35 | Age | Feudal Age |
| 12:37 | Build | Stable |
| 12:45 | Research | Double-Bit Axe |
| 12:54 | Build | House |
| 13:16 | Create | Villager (Male) |
| 13:34 | Create | Scout Cavalry |
| 13:34 | Create | Scout Cavalry |
| 13:35 | Create | Scout Cavalry |
| 13:40 | Build | Blacksmith |
| 13:47 | Create | Villager (Male) |
| 13:56 | Create | Scout Cavalry |
| 14:10 | Create | Villager (Male) |
| 14:22 | Research | Forging |
| 14:24 | Create | Scout Cavalry |
| 14:37 | Create | Villager (Male) |
| 14:46 | Research | Tech 1014 |
| 14:55 | Build | House |
| 14:56 | Build | House |
| 15:16 | Create | Scout Cavalry |
| 15:28 | Create | Scout Cavalry |
| 15:35 | Build | Pasture |
| 15:46 | Create | Scout Cavalry |
| 15:52 | Build | Pasture |
| 16:24 | Create | Scout Cavalry |
| 16:28 | Build | Pasture |
| 16:47 | Create | Villager (Male) |
| 16:59 | Create | Scout Cavalry |
| 17:02 | Build | Pasture |
| 17:02 | Create | Villager (Male) |
| 17:29 | Create | Villager (Male) |
Build order — HR Fast_PIG
82 actions detected in the replay
| 0:27 | Build | Town Center |
| 1:08 | Build | House |
| 1:26 | Build | Palisade Wall |
| 1:47 | Build | Palisade Wall |
| 2:01 | Build | Palisade Wall |
| 2:15 | Build | Palisade Wall |
| 2:31 | Create | Villager (Male) ×4 |
| 2:31 | Create | Villager (Male) ×4 |
| 3:32 | Create | Villager (Male) |
| 3:32 | Create | Villager (Male) |
| 4:27 | Build | House |
| 4:32 | Create | Villager (Male) |
| 4:57 | Create | Villager (Male) |
| 5:06 | Build | Outpost |
| 5:13 | Build | Outpost |
| 5:16 | Build | Lumber Camp |
| 5:19 | Create | Villager (Male) |
| 5:40 | Create | Villager (Male) |
| 6:07 | Build | Outpost |
| 6:10 | Create | Villager (Male) |
| 6:22 | Create | Villager (Male) |
| 6:29 | Build | Outpost |
| 6:52 | Create | Villager (Male) |
| 6:55 | Build | House |
| 7:01 | Research | Loom |
| 7:09 | Create | Villager (Male) |
| 7:20 | Build | Palisade Wall |
| 7:27 | Create | Villager (Male) |
| 7:31 | Create | Villager (Male) |
| 7:32 | Create | Villager (Male) |
| 7:32 | Create | Villager (Male) |
| 7:56 | Build | House |
| 8:33 | Build | Outpost |
| 9:12 | Create | Villager (Male) |
| 9:25 | Build | Mill |
| 9:41 | Create | Villager (Male) |
| 10:00 | Research | Feudal Age |
| 11:04 | Build | Barracks |
| 12:05 | Build | House |
| 12:16 | Age | Feudal Age |
| 12:19 | Build | Stable |
| 12:20 | Research | Town Watch |
| 12:24 | Create | Villager (Male) |
| 12:32 | Build | House |
| 12:36 | Build | Palisade Wall |
| 12:42 | Build | Palisade Wall |
| 12:45 | Build | Palisade Wall |
| 12:48 | Build | Palisade Wall |
| 12:52 | Create | Villager (Male) |
| 12:59 | Create | Scout Cavalry |
| 12:59 | Create | Scout Cavalry |
| 12:59 | Create | Scout Cavalry |
| 13:08 | Build | Mill |
| 13:25 | Build | Palisade Wall |
| 13:27 | Create | Villager (Male) |
| 13:37 | Create | Villager (Male) |
| 14:09 | Create | Scout Cavalry |
| 14:11 | Create | Villager (Male) |
| 14:13 | Build | Blacksmith |
| 14:33 | Create | Spearman |
| 14:34 | Create | Spearman |
| 14:39 | Build | Palisade Gate |
| 14:54 | Create | Villager (Male) |
| 15:19 | Create | Villager (Male) |
| 15:29 | Build | Mill |
| 15:36 | Create | Villager (Male) |
| 15:40 | Create | Spearman |
| 15:41 | Create | Spearman |
| 15:51 | Create | Villager (Male) |
| 16:04 | Build | House |
| 16:08 | Build | Mill |
| 16:31 | Create | Scout Cavalry |
| 16:31 | Create | Scout Cavalry |
| 16:45 | Create | Villager (Male) |
| 16:52 | Create | Spearman |
| 16:54 | Create | Villager (Male) |
| 17:07 | Build | House |
| 17:38 | Build | House |
| 17:43 | Create | Villager (Male) |
| 17:47 | Build | Mining Camp |
| 18:38 | Create | Villager (Male) |
| 18:40 | Build | Market |
Build order — [RAT] Havik_AoE
124 actions detected in the replay
| 0:08 | Build | Town Center |
| 2:21 | Create | Villager (Male) |
| 2:21 | Create | Villager (Male) |
| 2:21 | Create | Villager (Male) |
| 2:29 | Create | Villager (Male) |
| 2:29 | Create | Villager (Male) |
| 2:53 | Build | House |
| 2:56 | Research | Loom |
| 2:58 | Create | Villager (Male) |
| 3:03 | Create | Villager (Male) |
| 3:59 | Build | Mule Cart |
| 4:07 | Build | House |
| 4:19 | Build | House |
| 4:26 | Create | Villager (Male) |
| 4:34 | Build | House |
| 4:59 | Create | Villager (Male) |
| 4:59 | Create | Villager (Male) |
| 5:18 | Create | Villager (Male) |
| 5:41 | Build | House |
| 5:51 | Create | Villager (Male) |
| 5:56 | Build | House |
| 6:30 | Create | Villager (Male) |
| 6:30 | Create | Villager (Male) |
| 6:37 | Create | Villager (Male) |
| 6:37 | Create | Villager (Male) |
| 6:39 | Build | House |
| 6:58 | Create | Villager (Male) |
| 7:14 | Build | Outpost |
| 7:20 | Build | Palisade Wall |
| 7:21 | Build | Palisade Wall |
| 7:22 | Build | Palisade Wall |
| 7:49 | Create | Villager (Male) |
| 7:49 | Create | Villager (Male) |
| 7:49 | Create | Villager (Male) |
| 7:51 | Create | Villager (Male) |
| 8:22 | Create | Villager (Male) |
| 8:24 | Build | Mill |
| 8:58 | Create | Villager (Male) |
| 8:59 | Create | Villager (Male) |
| 9:22 | Build | House |
| 9:35 | Create | Villager (Male) |
| 9:58 | Build | House |
| 10:18 | Create | Villager (Male) |
| 10:28 | Build | House |
| 10:49 | Build | House |
| 10:55 | Create | Villager (Male) |
| 11:04 | Build | House |
| 11:09 | Create | Villager (Male) |
| 11:12 | Build | Barracks |
| 11:17 | Build | House |
| 11:24 | Research | Feudal Age |
| 11:29 | Build | House |
| 11:44 | Create | Villager (Male) |
| 11:50 | Build | House |
| 12:04 | Create | Villager (Male) |
| 12:13 | Build | Palisade Wall |
| 12:51 | Build | Palisade Wall |
| 13:30 | Create | Villager (Male) |
| 13:34 | Age | Feudal Age |
| 13:35 | Build | House |
| 13:40 | Create | Villager (Male) |
| 13:41 | Build | Stable |
| 13:41 | Create | Villager (Male) |
| 13:42 | Create | Spearman |
| 13:47 | Create | Villager (Male) |
| 14:01 | Create | Villager (Male) |
| 14:07 | Create | Villager (Male) |
| 14:20 | Create | Villager (Male) |
| 14:24 | Create | Spearman |
| 14:31 | Build | House |
| 14:31 | Create | Villager (Male) |
| 14:37 | Create | Scout Cavalry |
| 14:37 | Create | Scout Cavalry |
| 14:47 | Create | Scout Cavalry |
| 14:56 | Create | Villager (Male) |
| 15:00 | Build | Mule Cart |
| 15:00 | Create | Villager (Male) |
| 15:03 | Create | Spearman |
| 15:03 | Create | Scout Cavalry |
| 15:08 | Create | Villager (Male) |
| 15:19 | Create | Villager (Male) |
| 15:30 | Create | Villager (Male) |
| 15:36 | Create | Scout Cavalry |
| 15:39 | Build | House |
| 15:54 | Create | Villager (Male) |
| 16:01 | Create | Villager (Male) |
| 16:25 | Create | Villager (Male) |
| 16:26 | Create | Villager (Male) |
| 16:35 | Create | Villager (Male) |
| 16:39 | Build | House |
| 16:39 | Create | Villager (Male) |
| 16:43 | Create | Villager (Male) |
| 16:55 | Build | House |
| 16:56 | Build | House |
| 16:56 | Create | Villager (Male) |
| 17:02 | Create | Spearman |
| 17:05 | Create | Villager (Male) |
| 17:07 | Build | House |
| 17:08 | Create | Villager (Male) |
| 17:12 | Create | Spearman |
| 17:21 | Create | Villager (Male) |
| 17:24 | Create | Villager (Male) |
| 17:25 | Create | Spearman |
| 17:28 | Build | Palisade Wall |
| 17:29 | Build | Palisade Wall |
| 17:31 | Build | Palisade Wall |
| 17:32 | Build | Palisade Wall |
| 17:33 | Build | Palisade Wall |
| 17:33 | Create | Villager (Male) |
| 17:35 | Build | Palisade Wall |
| 17:35 | Build | Palisade Wall |
| 17:36 | Create | Villager (Male) |
| 17:39 | Build | Palisade Wall |
| 17:40 | Build | Palisade Wall |
| 17:40 | Create | Villager (Male) |
| 17:47 | Create | Villager (Male) |
| 17:53 | Build | Market |
| 17:53 | Create | Villager (Male) |
| 17:56 | Create | Villager (Male) |
| 18:03 | Create | Villager (Male) |
| 18:08 | Create | Villager (Male) |
| 18:18 | Create | Villager (Male) |
| 18:21 | Build | Palisade Gate |
| 18:41 | Create | Villager (Male) |
Build order — Mumulover
57 actions detected in the replay
| 0:27 | Build | Town Center |
| 0:33 | Build | Town Center |
| 2:43 | Build | House |
| 3:07 | Create | Villager (Male) |
| 3:08 | Create | Villager (Male) |
| 3:08 | Create | Villager (Male) |
| 3:08 | Create | Villager (Male) |
| 3:08 | Create | Villager (Male) |
| 3:25 | Build | House |
| 4:11 | Build | House |
| 4:44 | Create | Villager (Male) |
| 5:08 | Build | House |
| 5:14 | Create | Villager (Male) |
| 5:14 | Create | Villager (Male) |
| 5:40 | Create | Villager (Male) |
| 6:23 | Create | Villager (Male) |
| 6:23 | Create | Villager (Male) |
| 6:23 | Create | Villager (Male) |
| 7:02 | Create | Villager (Male) |
| 7:02 | Create | Villager (Male) |
| 7:03 | Create | Villager (Male) |
| 7:03 | Create | Villager (Male) |
| 8:08 | Build | Lumber Camp |
| 8:15 | Create | Villager (Male) |
| 8:15 | Create | Villager (Male) |
| 8:15 | Create | Villager (Male) |
| 8:16 | Create | Villager (Male) |
| 8:16 | Create | Villager (Male) |
| 8:16 | Create | Villager (Male) |
| 8:29 | Create | Villager (Male) |
| 8:29 | Create | Villager (Male) |
| 9:43 | Build | Mill |
| 10:34 | Create | Villager (Male) |
| 11:15 | Create | Villager (Male) |
| 11:29 | Create | Villager (Male) |
| 12:05 | Research | Loom |
| 12:08 | Build | House |
| 12:50 | Research | Feudal Age |
| 13:02 | Create | Villager (Male) |
| 14:09 | Create | Villager (Male) |
| 15:00 | Age | Feudal Age |
| 15:02 | Build | Market |
| 15:05 | Build | Blacksmith |
| 15:14 | Research | Town Watch |
| 15:34 | Build | Mining Camp |
| 16:06 | Build | Barracks |
| 16:15 | Build | House |
| 16:20 | Research | Castle Age |
| 16:56 | Create | Spearman |
| 16:57 | Create | Spearman |
| 16:57 | Create | Spearman |
| 16:57 | Create | Spearman |
| 17:23 | Create | Spearman |
| 17:32 | Research | Double-Bit Axe |
| 18:49 | Create | Spearman |
| 18:49 | Create | Spearman |
| 18:50 | Create | Spearman |
Build order — [LW] Faneth
77 actions detected in the replay
| 0:06 | Build | House |
| 0:34 | Build | Town Center |
| 2:04 | Build | House |
| 2:30 | Create | Villager (Male) |
| 2:31 | Create | Villager (Male) |
| 2:31 | Create | Villager (Male) |
| 2:31 | Create | Villager (Male) |
| 2:31 | Create | Villager (Male) |
| 2:31 | Create | Villager (Male) |
| 4:26 | Create | Villager (Male) |
| 4:26 | Create | Villager (Male) |
| 4:44 | Build | Lumber Camp |
| 5:10 | Create | Villager (Male) |
| 5:32 | Create | Villager (Male) |
| 5:45 | Create | Villager (Male) |
| 6:18 | Create | Villager (Male) |
| 6:30 | Create | Villager (Male) |
| 6:40 | Build | House |
| 6:45 | Create | Villager (Male) |
| 6:57 | Build | Mill |
| 7:22 | Create | Villager (Male) |
| 7:41 | Build | House |
| 8:04 | Create | Villager (Male) |
| 8:06 | Create | Villager (Male) |
| 8:07 | Create | Villager (Male) |
| 8:45 | Create | Villager (Male) |
| 8:59 | Create | Villager (Male) |
| 9:04 | Build | Mill |
| 9:29 | Build | House |
| 10:03 | Create | Villager (Male) |
| 10:21 | Create | Villager (Male) |
| 10:39 | Research | Feudal Age |
| 10:46 | Research | Loom |
| 11:00 | Research | Feudal Age |
| 11:11 | Build | House |
| 11:25 | Build | House |
| 11:37 | Build | House |
| 11:58 | Build | Barracks |
| 12:39 | Create | Villager (Male) |
| 12:50 | Build | House |
| 13:00 | Build | House |
| 13:18 | Age | Feudal Age |
| 13:20 | Build | Stable |
| 13:24 | Build | Blacksmith |
| 13:27 | Build | House |
| 13:36 | Research | Double-Bit Axe |
| 13:37 | Create | Villager (Male) |
| 13:47 | Build | House |
| 14:16 | Research | Castle Age |
| 14:53 | Research | Horse Collar |
| 15:02 | Create | Scout Cavalry |
| 15:37 | Research | Bloodlines |
| 15:45 | Build | House |
| 15:46 | Build | House |
| 15:51 | Create | Villager (Male) |
| 16:41 | Age | Castle Age |
| 16:46 | Build | Town Center |
| 16:48 | Research | Bow Saw |
| 16:54 | Create | Knight |
| 17:03 | Create | Villager (Male) |
| 17:07 | Create | Villager (Male) |
| 17:09 | Build | Town Center |
| 17:18 | Create | Villager (Male) |
| 17:51 | Create | Villager (Male) |
| 17:59 | Create | Villager (Male) |
| 17:59 | Create | Villager (Male) |
| 18:25 | Create | Knight |
| 18:26 | Create | Villager (Male) |
| 18:32 | Build | Farm |
| 18:32 | Build | Farm |
| 18:32 | Build | Farm |
| 18:32 | Build | Farm |
| 18:48 | Create | Villager (Male) |
| 18:50 | Create | Villager (Male) |
| 18:51 | Create | Villager (Male) |
| 18:51 | Create | Villager (Male) |
| 18:53 | Build | Farm |
Build order — epic Llama
89 actions detected in the replay
| 0:20 | Build | Town Center |
| 1:30 | Build | Palisade Wall |
| 2:37 | Create | Villager (Male) |
| 2:37 | Create | Villager (Male) |
| 2:37 | Create | Villager (Male) |
| 2:37 | Create | Villager (Male) |
| 2:40 | Build | House |
| 4:08 | Create | Villager (Male) |
| 4:18 | Build | House |
| 4:24 | Build | House |
| 4:36 | Create | Villager (Male) |
| 4:57 | Create | Villager (Male) |
| 4:57 | Create | Villager (Male) |
| 5:38 | Build | House |
| 5:50 | Create | Villager (Male) |
| 5:51 | Create | Villager (Male) |
| 6:01 | Create | Villager (Male) |
| 6:01 | Create | Villager (Male) |
| 6:33 | Build | House |
| 6:37 | Build | House |
| 6:37 | Build | House |
| 6:56 | Build | House |
| 7:11 | Create | Villager (Male) |
| 7:37 | Create | Villager (Male) |
| 7:37 | Create | Villager (Male) |
| 7:55 | Build | House |
| 8:00 | Build | Palisade Wall |
| 8:01 | Create | Villager (Male) |
| 8:11 | Create | Villager (Male) |
| 8:24 | Create | Villager (Male) |
| 9:11 | Create | Villager (Male) |
| 9:33 | Build | House |
| 9:43 | Create | Villager (Male) |
| 9:54 | Create | Villager (Male) |
| 10:09 | Build | Lumber Camp |
| 10:43 | Create | Villager (Male) |
| 11:09 | Build | Mining Camp |
| 11:17 | Create | Villager (Male) |
| 11:29 | Build | Palisade Wall |
| 11:40 | Research | Feudal Age |
| 11:40 | Research | Feudal Age |
| 12:05 | Build | Palisade Wall |
| 12:30 | Build | House |
| 12:31 | Build | Palisade Wall |
| 12:34 | Build | Palisade Wall |
| 12:40 | Build | Palisade Gate |
| 12:42 | Build | Palisade Wall |
| 12:56 | Build | Palisade Wall |
| 13:05 | Build | Palisade Wall |
| 13:06 | Build | Palisade Wall |
| 13:07 | Build | Palisade Wall |
| 13:36 | Create | Villager (Male) |
| 13:37 | Create | Villager (Male) |
| 13:57 | Age | Feudal Age |
| 13:59 | Build | Blacksmith |
| 14:00 | Build | Stone Wall |
| 14:06 | Build | Mill |
| 14:09 | Create | Villager (Male) |
| 14:13 | Create | Villager (Male) |
| 14:22 | Research | Loom |
| 14:22 | Research | Loom |
| 14:30 | Research | Double-Bit Axe |
| 14:30 | Research | Double-Bit Axe |
| 14:51 | Build | Market |
| 14:54 | Build | Stone Wall |
| 14:59 | Create | Villager (Male) |
| 15:49 | Create | Villager (Male) |
| 15:54 | Research | Horse Collar |
| 15:58 | Build | Farm |
| 16:01 | Build | Farm |
| 16:01 | Build | Farm |
| 16:07 | Build | Farm |
| 16:09 | Create | Villager (Male) |
| 16:14 | Build | Farm |
| 16:14 | Build | Farm |
| 16:14 | Build | Farm |
| 16:15 | Build | Farm |
| 16:15 | Build | Farm |
| 16:20 | Build | Farm |
| 16:26 | Create | Villager (Male) |
| 16:32 | Create | Villager (Male) |
| 16:33 | Create | Villager (Male) |
| 16:36 | Build | Farm |
| 17:09 | Build | Farm |
| 17:23 | Build | Farm |
| 17:42 | Build | Farm |
| 17:54 | Create | Villager (Male) |
| 18:22 | Create | Villager (Male) |
| 18:54 | Create | Villager (Male) |
Build order — HR Since6699
79 actions detected in the replay
| 1:09 | Build | Town Center |
| 2:42 | Build | House |
| 3:07 | Create | Villager (Male) |
| 3:07 | Create | Villager (Male) |
| 3:08 | Create | Villager (Male) |
| 3:14 | Create | Villager (Male) |
| 4:04 | Create | Villager (Male) |
| 4:04 | Create | Villager (Male) |
| 4:56 | Create | Villager (Male) |
| 4:56 | Create | Villager (Male) |
| 5:06 | Build | Lumber Camp |
| 5:37 | Create | Villager (Male) |
| 5:37 | Create | Villager (Male) |
| 5:37 | Create | Villager (Male) |
| 5:44 | Build | House |
| 5:48 | Research | Loom |
| 5:49 | Create | Villager (Male) |
| 6:07 | Create | Villager (Male) |
| 6:07 | Create | Villager (Male) |
| 6:19 | Build | House |
| 6:36 | Build | House |
| 6:47 | Create | Villager (Male) |
| 7:07 | Build | House |
| 7:43 | Create | Villager (Male) |
| 7:43 | Create | Villager (Male) |
| 7:44 | Create | Villager (Male) |
| 7:44 | Create | Villager (Male) |
| 7:44 | Create | Villager (Male) |
| 8:03 | Build | House |
| 8:13 | Create | Villager (Male) |
| 8:41 | Build | Mill |
| 8:49 | Create | Villager (Male) |
| 9:10 | Create | Villager (Male) |
| 9:30 | Create | Villager (Male) |
| 9:52 | Build | House |
| 10:32 | Create | Villager (Male) |
| 10:59 | Build | Mining Camp |
| 11:04 | Research | Feudal Age |
| 11:04 | Research | Feudal Age |
| 11:28 | Create | Villager (Male) |
| 11:34 | Build | House |
| 11:50 | Build | House |
| 12:05 | Build | Palisade Wall |
| 12:22 | Age | Feudal Age |
| 12:23 | Create | Villager (Male) |
| 12:37 | Research | Double-Bit Axe |
| 12:45 | Create | Villager (Male) |
| 12:59 | Research | Horse Collar |
| 13:33 | Create | Villager (Male) |
| 13:43 | Build | Palisade Gate |
| 13:50 | Build | House |
| 13:51 | Build | Palisade Wall |
| 13:55 | Create | Villager (Male) |
| 14:02 | Create | Villager (Male) |
| 14:06 | Build | House |
| 14:43 | Build | Farm |
| 14:49 | Create | Villager (Male) |
| 15:02 | Create | Villager (Male) |
| 15:10 | Build | Market |
| 15:16 | Build | Palisade Wall |
| 15:16 | Build | Palisade Wall |
| 15:20 | Build | Palisade Wall |
| 15:22 | Build | Palisade Wall |
| 15:31 | Create | Villager (Male) |
| 15:49 | Create | Villager (Male) |
| 15:53 | Build | Blacksmith |
| 16:22 | Research | Castle Age |
| 16:22 | Research | Castle Age |
| 16:30 | Build | Farm |
| 16:32 | Build | Farm |
| 16:36 | Build | Farm |
| 17:16 | Create | Villager (Male) |
| 17:38 | Create | Villager (Male) |
| 17:56 | Create | Villager (Male) |
| 18:08 | Age | Castle Age |
| 18:12 | Build | Town Center |
| 18:13 | Create | Villager (Male) |
| 18:24 | Create | Villager (Male) |
| 18:35 | Build | Town Center |
Build order — Anne Flank
80 actions detected in the replay
| 0:44 | Build | Town Center |
| 2:31 | Build | House |
| 2:54 | Create | Villager (Male) |
| 2:54 | Create | Villager (Male) |
| 2:54 | Create | Villager (Male) |
| 2:55 | Create | Villager (Male) |
| 2:55 | Create | Villager (Male) |
| 4:26 | Build | Settlement |
| 4:32 | Create | Villager (Male) |
| 4:32 | Create | Villager (Male) |
| 5:16 | Create | Villager (Male) |
| 5:16 | Create | Villager (Male) |
| 5:16 | Create | Villager (Male) |
| 5:26 | Create | Villager (Male) |
| 5:26 | Create | Villager (Male) |
| 6:15 | Create | Villager (Male) |
| 6:33 | Create | Villager (Male) |
| 6:54 | Create | Villager (Male) |
| 6:54 | Create | Villager (Male) |
| 7:09 | Create | Villager (Male) |
| 7:09 | Create | Villager (Male) |
| 7:19 | Build | House |
| 7:41 | Create | Villager (Male) |
| 7:54 | Create | Villager (Male) |
| 7:54 | Create | Villager (Male) |
| 7:54 | Create | Villager (Male) |
| 8:03 | Create | Villager (Male) |
| 8:04 | Create | Villager (Male) |
| 8:40 | Build | House |
| 8:48 | Create | Villager (Male) |
| 8:48 | Create | Villager (Male) |
| 9:07 | Create | Villager (Male) |
| 9:08 | Create | Villager (Male) |
| 9:08 | Create | Villager (Male) |
| 9:08 | Create | Villager (Male) |
| 9:18 | Build | House |
| 9:25 | Create | Villager (Male) |
| 9:25 | Create | Villager (Male) |
| 10:06 | Build | Settlement |
| 10:07 | Create | Villager (Male) |
| 10:38 | Build | Settlement |
| 10:41 | Research | Feudal Age |
| 11:41 | Create | Villager (Male) |
| 11:42 | Create | Villager (Male) |
| 12:59 | Age | Feudal Age |
| 13:02 | Build | Market |
| 13:04 | Build | Blacksmith |
| 13:18 | Build | Palisade Wall |
| 13:33 | Build | Palisade Wall |
| 14:00 | Research | Castle Age |
| 14:00 | Research | Castle Age |
| 14:08 | Build | Palisade Wall |
| 14:13 | Build | Palisade Wall |
| 14:26 | Build | Palisade Wall |
| 15:03 | Build | Barracks |
| 15:09 | Build | Palisade Wall |
| 15:19 | Build | Palisade Wall |
| 15:45 | Research | Double-Bit Axe |
| 15:45 | Research | Double-Bit Axe |
| 15:47 | Research | Gold Mining |
| 16:40 | Age | Castle Age |
| 16:44 | Build | Town Center |
| 16:45 | Create | Villager (Male) |
| 16:52 | Research | Bow Saw |
| 16:52 | Research | Bow Saw |
| 16:57 | Create | Villager (Male) |
| 17:24 | Build | Archery Range |
| 17:28 | Research | Loom |
| 17:41 | Build | Palisade Wall |
| 17:43 | Build | Palisade Wall |
| 17:45 | Build | Palisade Wall |
| 17:49 | Create | Villager (Male) |
| 18:11 | Create | Villager (Male) |
| 18:12 | Create | Villager (Male) |
| 18:13 | Create | Villager (Male) |
| 18:23 | Create | Bolas Rider |
| 18:31 | Build | Monastery |
| 18:35 | Create | Bolas Rider |
| 18:36 | Create | Villager (Male) |
| 18:45 | Create | Villager (Male) |
Match timeline
| 1:26 | HR Fast_PIG · wall_segment Palisade Wall x1 |
| 1:30 | epic Llama · wall_segment Palisade Wall x1 |
| 1:47 | HR Fast_PIG · wall_segment Palisade Wall x1 |
| 2:01 | HR Fast_PIG · wall_segment Palisade Wall x1 |
| 2:15 | HR Fast_PIG · wall_segment Palisade Wall x1 |
| 7:20 | [RAT] Havik_AoE · wall_segment Palisade Wall x1 |
| 7:20 | HR Fast_PIG · wall_segment Palisade Wall x1 |
| 7:21 | [RAT] Havik_AoE · wall_segment Palisade Wall x1 |
| 7:22 | [RAT] Havik_AoE · wall_segment Palisade Wall x1 |
| 8:00 | epic Llama · wall_segment Palisade Wall x5 |
| 10:36 | Cedax · wall_segment Palisade Wall x1 |
| 10:40 | Cedax · wall_segment Palisade Wall x1 |
| 10:44 | Cedax · wall_segment Palisade Wall x1 |
| 11:04 | HR Fast_PIG · first_building Barracks |
| 11:12 | [RAT] Havik_AoE · first_building Barracks |
| 11:29 | epic Llama · wall_segment Palisade Wall x15 |
| 11:31 | Cedax · first_building Barracks |
| 11:58 | [LW] Faneth · first_building Barracks |
| 12:05 | HR Since6699 · wall_segment Palisade Wall x1 |
| 12:05 | epic Llama · wall_segment Palisade Wall x9 |
| 12:13 | [RAT] Havik_AoE · wall_segment Palisade Wall x6 |
| 12:16 | HR Fast_PIG · age_up feudal |
| 12:19 | HR Fast_PIG · first_building Stable |
| 12:22 | HR Since6699 · age_up feudal |
| 12:31 | epic Llama · wall_segment Palisade Wall x1 |
| 12:34 | epic Llama · wall_segment Palisade Wall x1 |
| 12:35 | Cedax · age_up feudal |
| 12:36 | HR Fast_PIG · wall_segment Palisade Wall x6 |
| 12:37 | Cedax · first_building Stable |
| 12:42 | HR Fast_PIG · wall_segment Palisade Wall x3 |
| 12:42 | epic Llama · wall_segment Palisade Wall x1 |
| 12:45 | HR Fast_PIG · wall_segment Palisade Wall x1 |
| 12:48 | HR Fast_PIG · wall_segment Palisade Wall x2 |
| 12:51 | [RAT] Havik_AoE · wall_segment Palisade Wall x11 |
| 12:56 | epic Llama · wall_segment Palisade Wall x4 |
| 12:59 | Anne Flank · age_up feudal |
| 13:05 | epic Llama · wall_segment Palisade Wall x1 |
| 13:06 | epic Llama · wall_segment Palisade Wall x1 |
| 13:07 | epic Llama · wall_segment Palisade Wall x3 |
| 13:18 | Anne Flank · wall_segment Palisade Wall x5 |
| 13:18 | [LW] Faneth · age_up feudal |
| 13:20 | [LW] Faneth · first_building Stable |
| 13:25 | HR Fast_PIG · wall_segment Palisade Wall x4 |
| 13:33 | Anne Flank · wall_segment Palisade Wall x1 |
| 13:34 | [RAT] Havik_AoE · age_up feudal |
| 13:41 | [RAT] Havik_AoE · first_building Stable |
| 13:51 | HR Since6699 · wall_segment Palisade Wall x6 |
| 13:57 | epic Llama · age_up feudal |
| 14:00 | epic Llama · wall_segment Stone Wall x1 |
| 14:08 | Anne Flank · wall_segment Palisade Wall x1 |
| 14:13 | Anne Flank · wall_segment Palisade Wall x1 |
| 14:26 | Anne Flank · wall_segment Palisade Wall x1 |
| 14:54 | epic Llama · wall_segment Stone Wall x2 |
| 15:00 | Mumulover · age_up feudal |
| 15:03 | Anne Flank · first_building Barracks |
| 15:09 | Anne Flank · wall_segment Palisade Wall x1 |
| 15:16 | HR Since6699 · wall_segment Palisade Wall x1 |
| 15:16 | HR Since6699 · wall_segment Palisade Wall x1 |
| 15:19 | Anne Flank · wall_segment Palisade Wall x1 |
| 15:20 | HR Since6699 · wall_segment Palisade Wall x1 |
| 15:22 | HR Since6699 · wall_segment Palisade Wall x1 |
| 15:44 | epic Llama · first_market_sell 100 stone |
| 16:06 | Mumulover · first_building Barracks |
| 16:40 | Anne Flank · age_up castle |
| 16:41 | [LW] Faneth · age_up castle |
| 17:21 | Anne Flank · first_market_buy 100 wood |
| 17:24 | Anne Flank · first_building Archery Range |
| 17:28 | [RAT] Havik_AoE · wall_segment Palisade Wall x1 |
| 17:29 | [RAT] Havik_AoE · wall_segment Palisade Wall x1 |
| 17:31 | [RAT] Havik_AoE · wall_segment Palisade Wall x1 |
| 17:32 | [RAT] Havik_AoE · wall_segment Palisade Wall x1 |
| 17:33 | [RAT] Havik_AoE · wall_segment Palisade Wall x1 |
| 17:35 | [RAT] Havik_AoE · wall_segment Palisade Wall x1 |
| 17:35 | [RAT] Havik_AoE · wall_segment Palisade Wall x1 |
| 17:39 | [RAT] Havik_AoE · wall_segment Palisade Wall x1 |
| 17:40 | [RAT] Havik_AoE · wall_segment Palisade Wall x1 |
| 17:41 | Anne Flank · wall_segment Palisade Wall x1 |
| 17:43 | Anne Flank · wall_segment Palisade Wall x1 |
| 17:44 | Cedax · resign |
| 17:45 | Anne Flank · wall_segment Palisade Wall x1 |
| 18:08 | HR Since6699 · age_up castle |
| 18:29 | HR Since6699 · first_market_buy 100 wood |
| 18:31 | Anne Flank · first_building Monastery |
[ AI ANALYSIS · 1 CREDIT ]
What really happened in this match?
Wolo.gg analyzes every decision: build order, eco, micro, common mistakes by bracket. Personalized analysis on WhatsApp or Discord in 30 seconds.
Civ guide
Khitans
Map guide
African Clearing
Perfil
Jugador #2371613